 Dungeon Crawl Stone Soup version 0.31.0-11-ge490571c62 (webtiles) character file.

Game seed: 14089243920446807313

107 bearlyready the Sneak (level 4, -1/32 HPs)
             Began as a Gnoll Enchanter on Feb 10, 2024.
             Was a Follower of Ru.
             Slain by Crazy Yiuf
             ... wielding a +4 quarterstaff of chaos
              (13 damage)
             ... on level 3 of the Dungeon.
             The game lasted 00:04:04 (2591 turns).

bearlyready the Sneak (Gnoll Enchanter)             Turns: 2591, Time: 00:04:05

Health: -1/32      AC:  6    Str:  7    XL:     4   Next: 85%
Magic:  11/11      EV: 14    Int: 14    God:    Ru [*.....]
Gold:   130        SH:  0    Dex: 15    Spells: 8/13 levels left

rFire   + . .        g - +1 dagger (venom)
rCold   + . .        (no shield)
rNeg    . . .        A - +2 animal skin
rPois   +            B - +0 helmet
rElec   +            (no cloak)
rCorr   +            (no gloves)
SInv    .            s - +0 pair of boots
Will    .....        (no amulet)
Stlth   +++          o - ring of wizardry
HPRegen 0.25/turn    (no ring)
MPRegen 0.12/turn

%: wizardry (x1)
@: resistant
A: fangs 1, no fire magic, no alchemy magic, no translocations magic, strong
nose, distributed training
a: Renounce Religion


You were on level 3 of the Dungeon.
You worshipped Ru.
Ru was aware of your devotion.
You visited 1 branch of the dungeon, and saw 3 of its levels.

You collected 130 gold pieces.

Inventory:

Hand Weapons
 a - a +1 dagger
 g - a +1 dagger of venom (weapon)
Missiles
 e - 54 stones (quivered)
 q - 5 boomerangs
 r - 8 poisoned darts
Armour
 b - a +0 robe
 d - a +0 leather armour
 s - a +0 pair of boots (worn)
 A - a +2 animal skin (worn)
 B - a +0 helmet (worn)
Jewellery
 o - a ring of wizardry (left hand)
 y - a ring of fire
Scrolls
 h - a scroll of enchant armour {unknown}
 i - 2 scrolls of blinking {unknown}
 j - 2 scrolls of poison {unknown}
 k - a scroll of summoning {unknown}
 l - a scroll of enchant weapon {unknown}
 m - a scroll of brand weapon {unknown}
 p - a scroll of identify {unknown}
 t - a scroll of immolation {unknown}
 C - a scroll of teleportation {unknown}
Potions
 c - 2 potions of invisibility
 f - a potion of mutation {unknown}
 n - 3 potions of curing
 u - a potion of heal wounds {unknown}
 v - a potion of might {unknown}
 w - a potion of cancellation {unknown}
 x - a potion of brilliance {unknown}
 z - 2 potions of degeneration {unknown}


   Skills:
 + Level 1.3 Fighting
 + Level 2.8 Short Blades
 + Level 1.3 Long Blades
 + Level 1.3 Axes
 + Level 1.3 Maces & Flails
 + Level 1.3 Polearms
 + Level 1.3 Staves
 + Level 1.3 Ranged Weapons
 + Level 1.3 Throwing
 + Level 1.3 Armour
 + Level 4.7 Dodging
 + Level 6.1 Stealth
 + Level 1.3 Shields
 + Level 1.3 Unarmed Combat
 + Level 5.1 Spellcasting
 + Level 1.0 Conjurations
 + Level 5.5 Hexes
 + Level 1.0 Summonings
 + Level 1.0 Necromancy
   Level 0.0 Translocations
   Level 0.0 Fire Magic
 + Level 1.0 Ice Magic
 + Level 1.0 Air Magic
 + Level 1.0 Earth Magic
   Level 0.0 Alchemy
 + Level 1.4 Invocations
 + Level 1.3 Evocations
 + Level 1.2 Shapeshifting


You had 8 spell levels left.
You knew the following spells:

 Your Spells              Type           Power      Damage    Failure   Level
a - Confusing Touch       Hex            19%        N/A       2%          3
b - Ensorcelled Hibernat  Hex/Ice        24%        N/A       2%          2

Your spell library contained the following spells:

 Spells                   Type           Power      Damage    Failure   Level
 Tukima's Dance           Hex            19%        N/A       2%          3
 Dazzling Flash           Conj/Hex       24%        N/A       5%          3


Dungeon Overview and Level Annotations

Branches:
Dungeon (3/15)

Altars:
Ru

Shops:
D:3 (

Annotations:
D:3 Crazy Yiuf


Innate Abilities, Weirdness & Mutations

You have very sharp teeth.
You cannot study or cast Fire magic.
You cannot study or cast Alchemy magic.
You cannot study or cast Translocations magic.
Your uncanny sense of smell can sniff out nearby items.
Your experience applies equally to all skills.


Message History

You bite the endoplasm, but do no damage.
The endoplasm hits you but does no damage.
You barely miss the endoplasm. The endoplasm freezes you.
You are frozen.
You hit the endoplasm.
The endoplasm is poisoned.
You punch the endoplasm, but do no damage.
The endoplasm is heavily wounded.
The endoplasm hits you but does no damage.
You hit the endoplasm. Your bite misses the endoplasm.
The endoplasm is almost dead.
You kill the endoplasm!
No target in view!
No target in view!
No target in view!
There is a stone staircase leading up here.
You see here a +0 ring mail.
Crazy Yiuf shouts!
Could not explore, unopened runed door.
You open the door. You hit Crazy Yiuf.
Crazy Yiuf is lightly wounded.
Crazy Yiuf closely misses you.
You hit Crazy Yiuf but do no damage.
Crazy Yiuf is poisoned.
Crazy Yiuf is lightly wounded.
Crazy Yiuf hits you with a +4 quarterstaff of chaos!
Crazy Yiuf freezes you.
You hit Crazy Yiuf.
Crazy Yiuf looks as sick as possible!
Crazy Yiuf is moderately wounded.
Crazy Yiuf hits you with a +4 quarterstaff of chaos!
You feel protected.
You closely miss Crazy Yiuf.
Crazy Yiuf is moderately wounded.
You barely miss Crazy Yiuf.
Crazy Yiuf is moderately wounded.
Crazy Yiuf hits you with a +4 quarterstaff of chaos!
* * * LOW HITPOINT WARNING * * *
You feel better.
Crazy Yiuf hits you with a +4 quarterstaff of chaos!
You die...

#..##.# #.#######.#.#
#. #..##†#
#.........#.# ##.
#..##†#
########....########.÷
#..##)#
#######........
#.....# #######..
##.#..# ##. #....# ###
♣♣#### #. #....#
#)..#♣♣ ♣♣....## #.
#....#
#...g@♣♣♣♣......#####.
###..#
#...#♣..♣.........[.#.
#..# ###
♣♣♣.♣....#####.#. ####
♣♣♣♣♣#######...
###...... ###
#...##<## #.#
######.## #.#######
#.## #.#.....# #.##


You could see Crazy Yiuf (extremely poisoned).

Vanquished Creatures
  Robin (D:3)
  An adder (D:3)
  4 dart slugs (D:1)
  5 orcs (D:3)
  A ball python (D:2)
  3 bats
  7 endoplasms
  3 giant cockroaches
  11 goblins
  8 hobgoblins
  4 jackals
  A quokka (D:3)
  5 frilled lizards
  6 kobolds
  7 rats
67 creatures vanquished.

Notes
Turn   | Place    | Note
-------+----------+-------------------------------------------
     0 | D:1      | bearlyready the Gnoll Enchanter began the quest for the
                  | Orb.
     0 | D:1      | Reached XP level 1. HP: 13/13 MP: 6/6
   132 | D:1      | Reached XP level 2. HP: 9/19 MP: 7/7
   473 | D:1      | Reached skill level 5 in Spellcasting
   473 | D:1      | Reached XP level 3. HP: 24/25 MP: 7/9
   483 | D:1      | Learned a level 3 spell: Confusing Touch
   486 | D:1      | Learned a level 2 spell: Ensorcelled Hibernation
   585 | D:1      | Found a faded altar of an unknown god.
   698 | D:1      | Reached skill level 6 in Stealth
   863 | D:1      | Prayed at the altar of an unknown god.
   863 | D:1      | Became a worshipper of Ru the Awakened
   873 | D:1      | Gained mutation: You cannot study or cast Fire magic. [Ru
                  | sacrifice]
   873 | D:1      | Gained mutation: You cannot study or cast Alchemy magic.
                  | [Ru sacrifice]
   873 | D:1      | Gained mutation: You cannot study or cast Translocations
                  | magic. [Ru sacrifice]
   873 | D:1      | Reached * piety under Ru
  1040 | D:2      | Reached skill level 1 in Invocations
  1288 | D:2      | Reached skill level 1 in Fighting
  1288 | D:2      | Reached skill level 1 in Long Blades
  1288 | D:2      | Reached skill level 1 in Axes
  1288 | D:2      | Reached skill level 1 in Maces & Flails
  1288 | D:2      | Reached skill level 1 in Polearms
  1288 | D:2      | Reached skill level 1 in Staves
  1288 | D:2      | Reached skill level 1 in Ranged Weapons
  1288 | D:2      | Reached skill level 1 in Throwing
  1288 | D:2      | Reached skill level 1 in Armour
  1288 | D:2      | Reached skill level 1 in Shields
  1288 | D:2      | Reached skill level 1 in Unarmed Combat
  1288 | D:2      | Reached skill level 1 in Evocations
  1716 | D:3      | Found a runed translucent door.
  1717 | D:3      | Noticed Crazy Yiuf
  1813 | D:3      | Reached skill level 1 in Shapeshifting
  1813 | D:3      | Reached XP level 4. HP: 24/32 MP: 11/11
  1969 | D:3      | Noticed Robin
  1988 | D:3      | Killed Robin
  1989 | D:3      | Reached skill level 1 in Conjurations
  1989 | D:3      | Reached skill level 1 in Summonings
  1989 | D:3      | Reached skill level 1 in Necromancy
  1989 | D:3      | Reached skill level 1 in Ice Magic
  1989 | D:3      | Reached skill level 1 in Air Magic
  1989 | D:3      | Reached skill level 1 in Earth Magic
  2177 | D:3      | Found Itory's Antique Weapon Boutique.
  2591 | D:3      | Slain by Crazy Yiuf

Illustrated notes

Levels and vault maps discovered:
D:1:      nzn_arrival_crosshair, layout_loops_cross,
          dreamdust_ecumenical_altar_hidden_monk_grotto, minmay_strange_pillars
D:2:      layout_loops_ring
D:3:      layout_loops_ring, serial_shops, shop, uniq_robin,
          uniq_crazy_yiuf_cottage

Skill      XL: |  1  2  3  4 |
---------------+-------------+-----
Spellcasting   | 5 |  5.1
Stealth        | 6 |  6.1
Invocations    | 1 |  1.4
Fighting       | 1 |  1.3
Long Blades    | 1 |  1.3
Axes           | 1 |  1.3
Maces & Flails | 1 |  1.3
Polearms       | 1 |  1.3
Staves         | 1 |  1.3
Ranged Weapons | 1 |  1.3
Throwing       | 1 |  1.3
Armour         | 1 |  1.3
Shields        | 1 |  1.3
Unarmed Combat | 1 |  1.3
Evocations     | 1 |  1.3
Shapeshifting  | 1 |  1.2
Conjurations   | 1 |  1.0
Summonings     | 1 |  1.0
Necromancy     | 1 |  1.0
Ice Magic      | 1 |  1.0
Air Magic      | 1 |  1.0
Earth Magic    | 1 |  1.0
Short Blades   | |  2.8
Dodging        | |  4.7
Hexes          | |  5.5

Action                     |  1- 3 |  4- 6 || total
---------------------------+-------+-------++-------
  Melee: Dagger            |   112 |    63 ||   175
         Bite              |    11 |     8 ||    19
         Punch             |     1 |     1 ||     2
 Invoke: Sacrifice Arcana  |     1 |       ||     1
    Use: Potion            |       |     3 ||     3
   Stab: Sleeping          |    10 |     2 ||    12
         Invisible         |       |     2 ||     2
 Armour: Leather armour    |    39 |    19 ||    58
         Animal skin       |       |    10 ||    10
  Dodge: Dodged            |    52 |    35 ||    87
